 Dungeon Crawl Stone Soup version 0.26.1-11-gd32895ea62 (webtiles) character file.

Game seed: 7530906329426278571

51 Descartes the Sneak (level 3, -2/16 HPs)
             Began as a Spriggan Enchanter on Apr 20, 2021.
             Slain by an adder (5 damage)
             ... on level 2 of the Dungeon.
             The game lasted 00:02:23 (1508 turns).

Descartes the Sneak (Spriggan Enchanter)            Turns: 1508, Time: 00:02:23

Health: -2/16      AC:  2    Str:  5    XL:     3   Next: 57%
Magic:  7/8        EV: 18    Int: 16    God:
Gold:   83         SH:  0    Dex: 16    Spells: 4/7 levels left

rFire    . . .     SeeInvis +   a - +1 dagger
rCold    . . .     Faith    .   (shield restricted)
rNeg     . . .     Spirit   .   b - +0 robe
rPois    .         Reflect  .   (helmet restricted)
rElec    .         Harm     .   (no cloak)
rCorr    .         Rampage  .   (gloves unavailable)
Will     .....                  (boots unavailable)
Stlth    +++.......             (no amulet)
HPRegen  0.05/turn              (no ring)
MPRegen  0.11/turn              (no ring)

@: lethally poisoned (-2 -> -7), very quick
A: very small, unfitting armour, see invisible, speed 3
a: no special abilities


You were on level 2 of the Dungeon.
You visited 1 branch of the dungeon, and saw 2 of its levels.

You collected 83 gold pieces.

Inventory:

Hand Weapons
 a - a +1 dagger (weapon)
Missiles
 c - 21 stones
Armour
 b - a +0 robe (worn)
 h - a +0 buckler
Scrolls
 f - a scroll of teleportation {unknown}
 i - a scroll of identify {unknown}
 j - a scroll of fear {unknown}
Potions
 d - 2 potions of cancellation {unknown}
 e - a potion of berserk rage {unknown}
 g - a potion of flight {unknown}


   Skills:
 + Level 1.3 Short Blades
 + Level 3.2 Dodging
 + Level 6.3 Stealth
 + Level 0.2 Shields
 + Level 2.9 Spellcasting
 + Level 3.7 Hexes
 + Level 0.3 Ice Magic


You had 4 spell levels left.
You knew the following spells:

 Your Spells              Type           Power        Failure   Level
a - Corona                Hex            15%          4%          1
b - Ensorcelled Hibernat  Hex/Ice        16%          12%         2

Your spell library contained the following spells:

 Spells                   Type           Power        Failure   Level
 Confusing Touch          Hex            14%          12%         3
 Tukima's Dance           Hex            14%          12%         3
 Dazzling Flash           Conj/Hex       16%          26%         3


Dungeon Overview and Level Annotations

Branches:
Dungeon (2/15)

Altars:


Innate Abilities, Weirdness & Mutations

You are very small and have problems with some larger weapons.
You are too small for most types of armour.
You have supernaturally acute eyesight. (SInv)
You cover ground extremely quickly.


Message History

The adder is moderately wounded.
* * * LOW HITPOINT WARNING * * *
You feel sick. The adder completely misses you.
You closely miss the adder.
The adder is moderately wounded.
The adder misses you.
You hit the adder but do no damage.
The adder is moderately wounded.
* * * LOW HITPOINT WARNING * * *
You feel sick. The adder misses you.
You barely miss the adder.
The adder is moderately wounded.
The adder misses you.
You closely miss the adder.
The adder is moderately wounded.
The adder completely misses you.
You hit the adder.
The adder is heavily wounded.
The adder bites you.
You die...

#......###
#.##.#..#. .
.#. # #.#.#.#
.. .. )......
#. .. ##.#####
#. .# ###.###
#. .# #.....#
.####.####.#
#.....#
......KS@..###
#.....#
####...##....#
#.....##
#..###..#.#
##......##
#.......#
..######.#.#
#####.#####.#
##.###.
#...#... #.##
## ###.#.#
##.###. #...#
##.#.#
##.##### ##.##


You could see an adder (corona) and a kobold.

Vanquished Creatures
  Natasha (D:2)
  A dart slug (D:1)
  2 leopard geckos (D:1)
  A bat (D:2)
  A giant cockroach (D:1)
  3 goblins
  2 hobgoblins (D:1)
  A quokka (D:2)
  A ball python (D:2)
  5 frilled lizards
  3 kobolds
  4 rats (D:1)
25 creatures vanquished.

Notes
Turn   | Place    | Note
-------+----------+-------------------------------------------
     0 | D:1      | Descartes the Spriggan Enchanter began the quest for the
                  | Orb.
     0 | D:1      | Reached XP level 1. HP: 9/9 MP: 5/5
   172 | D:1      | Reached skill level 5 in Stealth
   255 | D:1      | Reached XP level 2. HP: 13/13 MP: 6/6
   950 | D:1      | Reached skill level 6 in Stealth
  1039 | D:1      | Learned a level 2 spell: Ensorcelled Hibernation
  1378 | D:2      | Noticed Natasha
  1399 | D:2      | Killed Natasha
  1400 | D:2      | Reached XP level 3. HP: 15/16 MP: 8/8
  1508 | D:2      | Slain by an adder

Illustrated notes

Levels and vault maps discovered:
D:1:      erik_arrival_orb_chamber, layout_loops_ring
D:2:      layout_loops_cross, minmay_nonomino_d4, uniq_natasha

Skill      XL: |  1  2 |
---------------+-------+-----
Stealth        | 5 6 |  6.3
Short Blades   | |  1.3
Dodging        | |  3.2
Shields        | |  0.2
Spellcasting   | |  2.9
Hexes          | |  3.7
Ice Magic      | |  0.3

Action                   || total
-------------------------++-------
Melee: Dagger            ||   121
 Cast: Corona            ||     1
 Stab: Sleeping          ||    12
Armor: Robe              ||     3
Dodge: Dodged            ||    79
